 Dungeon Crawl Stone Soup version 0.21.1-1-g345015f (webtiles) character file.

963 tidbits the Insei (level 8, -2/72 HPs)
             Began as a Gnoll Transmuter on Mar 23, 2018.
             Slain by a two-headed ogre
             ... wielding a +0 giant club
              (23 damage)
             ... on level 8 of the Dungeon.
             The game lasted 00:18:26 (1561 turns).

tidbits the Insei (Gnoll Transmuter)                Turns: 1561, Time: 00:18:27

Health: -2/72      AC:  6    Str: 13    XL:     8   Next: 15%
Magic:  8/16       EV: 13    Int: 18    God:
Gold:   264        SH:  0    Dex: 15    Spells: 9/18 levels left

rFire    x . .     SeeInvis .     - Unarmed
rCold    + + +     Gourm    .   (shield currently unavailable)
rNeg     . . .     Faith    .   (armour currently unavailable)
rPois    +         Spirit   .   (helmet currently unavailable)
rElec    .         Reflect  .   (cloak currently unavailable)
rCorr    .         Harm     .   (gloves currently unavailable)
MR       .....                  (boots currently unavailable)
Stlth    ++........             (no amulet)
HPRegen  0.62/turn              (no ring)
MPRegen  0.15/turn              (no ring)

@: ice-form (expiring)
A: large, distributed training, blurry vision 1, regeneration 1, wild magic 1,
strong nose
a: End Transformation


You were on level 8 of the Dungeon.
You were not hungry.
You were a creature of crystalline ice.
You visited 2 branches of the dungeon, and saw 9 of its levels.
You also visited: Sewer.

You collected 264 gold pieces.

Inventory:

Hand Weapons
 a - a +0 rapier of draining (melded)
   (You found it on level 2 of the Dungeon)
 k - a +0 dagger
 o - a +0 hunting sling
 A - a +0 arbalest
Missiles
 f - 70 arrows
 g - 3 tomahawks (quivered)
 l - 24 stones
 r - a throwing net {!f}
Armour
 b - a +0 robe
 e - a +0 buckler
 t - a +0 ring mail
 y - a +2 pair of gloves
 B - a cursed +0 robe (melded)
 G - a cursed +0 pair of gloves (melded)
Scrolls
 i - 3 scrolls of teleportation
 j - a scroll of remove curse {unknown}
 p - a scroll of enchant weapon
 q - a scroll of fog
 s - 2 scrolls of fear
 u - a scroll of random uselessness {unknown}
 w - a scroll of enchant armour {unknown}
Potions
 h - 4 potions of flight
 m - a potion of heal wounds
 n - a potion of might
 v - a potion of agility {unknown}
 x - a potion of brilliance {unknown}
 z - a potion of curing
Books
 c - a book of Changes

   Spells                             Type                      Level
   a - Beastly Appendage              Transmutation                1
   b - Sticks to Snakes               Transmutation                2
   c - Spider Form                    Transmutation/Poison         3
   d - Ice Form                       Ice/Transmutation            4
   e - Blade Hands                    Transmutation                5
Comestibles
 d - 7 rations


   Skills:
 + Level 4.0 Fighting
 + Level 2.9 Short Blades
 + Level 2.9 Long Blades
 + Level 2.9 Axes
 + Level 2.9 Maces & Flails
 + Level 2.9 Polearms
 + Level 2.9 Staves
 + Level 2.9 Slings
 + Level 2.9 Bows
 + Level 2.9 Crossbows
 + Level 2.9 Throwing
 + Level 2.9 Armour
 + Level 5.5 Dodging
 + Level 2.9 Stealth
 + Level 2.9 Shields
 + Level 7.2 Unarmed Combat
 + Level 5.8 Spellcasting
 + Level 2.3 Conjurations
 + Level 2.3 Hexes
 + Level 2.3 Charms
 + Level 2.3 Summonings
 + Level 2.3 Necromancy
 + Level 2.3 Translocations
 + Level 4.5 Transmutations
 + Level 2.3 Fire Magic
 + Level 2.3 Ice Magic
 + Level 2.3 Air Magic
 + Level 2.3 Earth Magic
 + Level 2.3 Poison Magic
 + Level 3.2 Invocations
 + Level 2.9 Evocations


You had 9 spell levels left.
You knew the following spells:

 Your Spells              Type           Power        Failure   Level  Hunger
i - Ice Form              Ice/Tmut       ###.....     36%         4    ####...
k - Sticks to Snakes      Tmut           ####....     4%          2    None
p - Spider Form           Tmut/Pois      ###.......   13%         3    ##.....


Dungeon Overview and Level Annotations

Branches:
Dungeon (8/15)             Temple (1/1) D:5
   Lair: D:8-11

Altars:
Ashenzari
Elyvilon
Fedhas
Gozag
Hepliaklqana
Nemelex Xobeh
Qazlal
Sif Muna
Uskayaw
Vehumet
Wu Jian
Xom
Yredelemnul
Zin
The Shining One

Shops:
D:6 [

Annotations:
D:5 Menkaure


Innate Abilities, Weirdness & Mutations

Your experience applies equally to all skills.
((You have very sharp teeth.))
Your uncanny sense of smell can sniff out nearby items.
((You have a pair of small antennae on your head.))
Scrolls take you a little longer to read.
Your natural rate of healing is unusually fast.
Your spells are a little harder to cast, but a little more powerful.


Message History

You kill the sky beast!
There is a stone staircase leading down here.
You climb downwards.
A sky beast and a zombie come into view.
Found 11 gold pieces.
There is a stone staircase leading up here.
Your transformation has ended.
Your +0 rapier of draining unmelds from your body.
Your cursed +0 pair of gloves unmelds from your body.
Your cursed +0 robe unmelds from your body.
You sense an unholy aura.
A jackal comes into view.
Found 16 gold pieces.
The helpless wyvern zombie fails to defend itself.
You puncture the wyvern zombie!
The wyvern zombie is moderately damaged.
The wyvern zombie bites you. The wyvern zombie closely misses you.
Casting: Spider Form
Confirm with . or Enter, or press ? or * to list all spells.
You turn into a creature of crystalline ice.
Your +0 rapier of draining melds into your body.
Your cursed +0 pair of gloves melds into your body.
Your cursed +0 robe melds into your body.
The jackal barks!
The wyvern zombie bites you.
The sky beast hits you but does no damage.
A jackal and an ogre come into view.
The jackal barks!
The ogre shouts!
You pummel the sky beast!! You freeze the sky beast.
The sky beast is almost dead.
The wyvern zombie bites you! The sky beast hits you. The sky beast shocks you.
You closely miss the sky beast.
The sky beast is almost dead.
The wyvern zombie barely misses you. The jackal barely misses you.
You hit the sky beast. You freeze the sky beast.
You kill the sky beast!
Your Invocations skill increases to level 3!
The wyvern zombie bites you. The jackal completely misses you.
The wyvern zombie closely misses you.
There is a stone staircase leading up here.
You punch the wyvern zombie!
The wyvern zombie is heavily damaged.
The wyvern zombie bites you.
You punch the wyvern zombie!
The wyvern zombie is severely damaged.
The wyvern zombie closely misses you.
You hit the wyvern zombie.
The wyvern zombie is almost destroyed.
The wyvern zombie bites you.
You barely miss the wyvern zombie.
The wyvern zombie is almost destroyed.
The wyvern zombie completely misses you.
You hit the wyvern zombie.
You destroy the wyvern zombie!
You have reached level 8!
You feel stronger. The jackal barely misses you.
You hit the jackal. You freeze the jackal.
The jackal is heavily wounded.
The jackal closely misses you.
You pummel the jackal!! You freeze the jackal.
You kill the jackal!
You hit the jackal. You freeze the jackal.
You kill the jackal!
You hit the ogre. You freeze the ogre.
The ogre is moderately wounded.
The ogre misses you.
You punch the ogre! You freeze the ogre.
The ogre is heavily wounded.
The ogre misses you.
You barely miss the ogre.
The ogre is heavily wounded.
The ogre misses you.
You pummel the ogre!! You freeze the ogre.
You kill the ogre!
Your Fighting skill increases to level 4!
You see here 11 gold pieces.
You now have 245 gold pieces (gained 11).
Found 19 gold pieces.
You see here 19 gold pieces.
You now have 264 gold pieces (gained 19).
Found 18 stones.
Found a stone staircase leading up.
An orc and a two-headed ogre come into view.
The orc moves out of view.
Your transformation is almost over.
The helpless two-headed ogre fails to defend itself.
You hit the two-headed ogre. You freeze the two-headed ogre.
The two-headed ogre is lightly wounded.
The two-headed ogre hits you with a giant club!!
The two-headed ogre hits you with a giant spiked club!
* * * LOW HITPOINT WARNING * * *
You pummel the two-headed ogre!! You freeze the two-headed ogre!
The two-headed ogre is severely wounded.
You punch the two-headed ogre! You freeze the two-headed ogre.
The two-headed ogre is almost dead.
The two-headed ogre hits you with a giant club!
* * * LOW HITPOINT WARNING * * *
The two-headed ogre hits you with a giant spiked club!!
You die...

#....................
#.....###.##.######..
#............#
#.##.####...## # #.
###.# #. #.# #.#
####.######
#.Y.(.......
#O##<######. #. #.#
#. #.# #. #.# #. #.#
#. #.# ∆ .. .#


You could see a two-headed ogre.

Vanquished Creatures
  The ghost of Melicamp the Grave Robber, an amateur KoNe (D:3)
  2 sky beasts
  An ogre (D:8)
  A centaur (D:6)
  A wyvern zombie (D:8)
  2 scorpions
  A hound (D:4)
  A bullfrog skeleton (D:6)
  3 orc priests
  An orc wizard (D:6)
  A worker ant (D:3)
  A merfolk avatar (Sewer)
  A worker ant zombie (D:5)
  2 adders
  A river rat (Sewer)
  A shadow imp (D:5)
  A worm (D:4)
  2 leopard geckos
  9 orcs
  4 giant cockroaches
  6 hobgoblins
  2 jackals (D:8)
  2 quokkas
  7 ball pythons (Sewer)
  2 bats
  11 frilled lizards
  3 kobolds
  22 rats
92 creatures vanquished.

Vanquished Creatures (collateral kills)
  A merfolk siren (Sewer)
  An adder skeleton (D:4)
2 creatures vanquished.

Vanquished Creatures (others)
  5 dream sheep (D:5)
5 creatures vanquished.

Grand Total: 99 creatures vanquished

Notes
Turn   | Place    | Note
-------+----------+-------------------------------------------
     0 | D:1      | tidbits the Gnoll Transmuter began the quest for the Orb.
     0 | D:1      | Reached XP level 1. HP: 17/17 MP: 6/6
   118 | D:1      | Reached XP level 2. HP: 21/23 MP: 5/7
   134 | D:1      | Learned a level 2 spell: Sticks to Snakes
   272 | D:3      | Reached skill level 5 in Spellcasting
   272 | D:3      | Reached XP level 3. HP: 13/28 MP: 4/9
   289 | D:3      | Noticed Melicamp's ghost (amateur KoNe)
   339 | D:2      | Found a glowing golden altar of the Shining One.
   412 | D:3      | Learned a level 3 spell: Spider Form
   429 | D:3      | Killed Melicamp's ghost
   429 | D:3      | Reached skill level 1 in Short Blades
   429 | D:3      | Reached skill level 1 in Long Blades
   429 | D:3      | Reached skill level 1 in Axes
   429 | D:3      | Reached skill level 1 in Maces & Flails
   429 | D:3      | Reached skill level 1 in Polearms
   429 | D:3      | Reached skill level 1 in Staves
   429 | D:3      | Reached skill level 1 in Slings
   429 | D:3      | Reached skill level 1 in Bows
   429 | D:3      | Reached skill level 1 in Crossbows
   429 | D:3      | Reached skill level 1 in Throwing
   429 | D:3      | Reached skill level 1 in Armour
   429 | D:3      | Reached skill level 1 in Stealth
   429 | D:3      | Reached skill level 1 in Shields
   429 | D:3      | Reached skill level 1 in Conjurations
   429 | D:3      | Reached skill level 1 in Hexes
   429 | D:3      | Reached skill level 1 in Charms
   429 | D:3      | Reached skill level 1 in Summonings
   429 | D:3      | Reached skill level 1 in Necromancy
   429 | D:3      | Reached skill level 1 in Translocations
   429 | D:3      | Reached skill level 1 in Fire Magic
   429 | D:3      | Reached skill level 1 in Ice Magic
   429 | D:3      | Reached skill level 1 in Air Magic
   429 | D:3      | Reached skill level 1 in Earth Magic
   429 | D:3      | Reached skill level 1 in Poison Magic
   429 | D:3      | Reached skill level 1 in Invocations
   429 | D:3      | Reached skill level 1 in Evocations
   429 | D:3      | Reached XP level 4. HP: 4/34 MP: 11/11
   429 | D:3      | Reached XP level 5. HP: 5/40 MP: 12/12
   507 | D:2      | Found a hide-covered altar of Uskayaw.
   605 | D:3      | Reached skill level 3 in Fighting
   658 | D:4      | Found a glowing drain.
   683 | D:4      | Reached skill level 4 in Transmutations
   715 | Sewer    | Entered a sewer
   727 | Sewer    | Gained mutation: You have a pair of small antennae on your head. [potion of mutation]
   727 | Sewer    | Gained mutation: Your spells are a little harder to cast, but a little more powerful. [potion of mutation]
   727 | Sewer    | Gained mutation: Scrolls take you a little longer to read. [potion of mutation]
   727 | Sewer    | Gained mutation: Your natural rate of healing is unusually fast. [potion of mutation]
   733 | Sewer    | Learned a level 4 spell: Ice Form
   913 | Sewer    | Reached XP level 6. HP: 38/47 MP: 7/13
   946 | Sewer    | Reached skill level 2 in Invocations
  1008 | D:4      | Reached skill level 2 in Short Blades
  1008 | D:4      | Reached skill level 2 in Long Blades
  1008 | D:4      | Reached skill level 2 in Axes
  1008 | D:4      | Reached skill level 2 in Maces & Flails
  1008 | D:4      | Reached skill level 2 in Polearms
  1008 | D:4      | Reached skill level 2 in Staves
  1008 | D:4      | Reached skill level 2 in Slings
  1008 | D:4      | Reached skill level 2 in Bows
  1008 | D:4      | Reached skill level 2 in Crossbows
  1008 | D:4      | Reached skill level 2 in Throwing
  1008 | D:4      | Reached skill level 2 in Armour
  1008 | D:4      | Reached skill level 5 in Dodging
  1008 | D:4      | Reached skill level 2 in Stealth
  1008 | D:4      | Reached skill level 2 in Shields
  1008 | D:4      | Reached skill level 2 in Evocations
  1021 | D:5      | Entered Level 5 of the Dungeon
  1051 | D:5      | Found a shattered altar of Ashenzari.
  1051 | D:5      | Found a stormy altar of Qazlal.
  1089 | D:5      | Found a staircase to the Ecumenical Temple.
  1095 | Temple   | Entered the Ecumenical Temple
  1154 | D:5      | Reached XP level 7. HP: 52/52 MP: 8/15
  1167 | D:5      | Noticed a dream sheep
  1167 | D:5      | Noticed a dream sheep
  1167 | D:5      | Noticed a dream sheep
  1167 | D:5      | Noticed a dream sheep
  1167 | D:5      | Noticed a dream sheep
  1167 | D:5      | Found a shimmering altar of Xom.
  1171 | D:5      | Killed a dream sheep
  1171 | D:5      | Killed a dream sheep
  1171 | D:5      | Killed a dream sheep
  1173 | D:5      | Killed a dream sheep
  1173 | D:5      | Killed a dream sheep
  1250 | D:6      | Found a basalt altar of Yredelemnul.
  1338 | D:5      | Noticed Menkaure
  1394 | D:6      | Reached skill level 7 in Unarmed Combat
  1394 | D:6      | Reached skill level 2 in Conjurations
  1394 | D:6      | Reached skill level 2 in Hexes
  1394 | D:6      | Reached skill level 2 in Charms
  1394 | D:6      | Reached skill level 2 in Summonings
  1394 | D:6      | Reached skill level 2 in Necromancy
  1394 | D:6      | Reached skill level 2 in Translocations
  1394 | D:6      | Reached skill level 2 in Fire Magic
  1394 | D:6      | Reached skill level 2 in Ice Magic
  1394 | D:6      | Reached skill level 2 in Air Magic
  1394 | D:6      | Reached skill level 2 in Earth Magic
  1394 | D:6      | Reached skill level 2 in Poison Magic
  1487 | D:6      | Found Hiabofy's Armour Boutique.
  1522 | D:8      | Reached skill level 3 in Invocations
  1528 | D:8      | Reached XP level 8. HP: 43/60 MP: 3/16
  1535 | D:8      | Reached skill level 4 in Fighting
  1556 | D:8      | Noticed a two-headed ogre
  1561 | D:8      | Slain by a two-headed ogre

Skill      XL: |  1  2  3  4  5  6  7  8 |
---------------+-------------------------+-----
Spellcasting   | 5 |  5.8
Short Blades   | 1 2 |  2.9
Long Blades    | 1 2 |  2.9
Axes           | 1 2 |  2.9
Maces & Flails | 1 2 |  2.9
Polearms       | 1 2 |  2.9
Staves         | 1 2 |  2.9
Slings         | 1 2 |  2.9
Bows           | 1 2 |  2.9
Crossbows      | 1 2 |  2.9
Throwing       | 1 2 |  2.9
Armour         | 1 2 |  2.9
Stealth        | 1 2 |  2.9
Shields        | 1 2 |  2.9
Conjurations   | 1 2 |  2.3
Hexes          | 1 2 |  2.3
Charms         | 1 2 |  2.3
Summonings     | 1 2 |  2.3
Necromancy     | 1 2 |  2.3
Translocations | 1 2 |  2.3
Fire Magic     | 1 2 |  2.3
Ice Magic      | 1 2 |  2.3
Air Magic      | 1 2 |  2.3
Earth Magic    | 1 2 |  2.3
Poison Magic   | 1 2 |  2.3
Invocations    | 1 2 3 |  3.2
Evocations     | 1 2 |  2.9
Fighting       | 3 4 |  4.0
Transmutations | 4 |  4.5
Dodging        | 5 |  5.5
Unarmed Combat | 7 |  7.2

Action                   |  1- 3 |  4- 6 |  7- 9 || total
-------------------------+-------+-------+-------++-------
Melee: Unarmed           |    22 |    51 |    46 ||   119
       Rapier            |    12 |    52 |     6 ||    70
       Punch             |     1 |     1 |       ||     2
       Kick              |       |    12 |       ||    12
       Bite              |       |     3 |       ||     3
Throw: Tomahawk          |     1 |     1 |     3 ||     5
       Stone             |       |       |     7 ||     7
 Cast: Beastly Appendage |     8 |     8 |       ||    16
       Sticks to Snakes  |     4 |     6 |     4 ||    14
       Spider Form       |     1 |     6 |     4 ||    11
       Ice Form          |       |     4 |     3 ||     7
 Abil: End Transformatio |       |     2 |     4 ||     6
  Use: Potion            |     3 |     2 |       ||     5
       Scroll            |       |     7 |     3 ||    10
 Stab: Sleeping          |     1 |     6 |     3 ||    10
       Distracted        |       |     1 |       ||     1
  Eat: Chunk             |       |     2 |     3 ||     5
Armor: Robe              |     1 |     9 |     1 ||    11
       Skin              |       |     5 |     4 ||     9
Dodge: Dodged            |    19 |    58 |    38 ||   115

Table legend:
 A = Turns spent in this place as a percentage of turns spent in the entire game.
 B = Non-inter-level travel turns spent in this place as a percentage of non-inter-level travel turns spent in the entire game.
 C = Inter-level travel turns spent in this place as a percentage of turns spent in this place.
 D = Turns resting spent in this place as a percentage of non-inter-level travel turns spent in this place.
 E = Turns spent auto-exploring this place as a percentage of non-inter-level travel turns spent in this place.
 F = Non-inter-level travel turns spent in this place divided by the number of levels of this place that you've seen.
                   A       B       C       D       E      F
               +-------+-------+-------+-------+-------+----------------------
         Total | 100.0 | 100.0 |   0.0 |   0.0 |   0.0 | 156.1
       Dungeon |  80.7 |  80.7 |   0.0 |   0.0 |   0.0 | 157.5
        Temple |   1.9 |   1.9 |   0.0 |   0.0 |   0.0 |  29.0
         Sewer |  17.4 |  17.4 |   0.0 |   0.0 |   0.0 | 272.0
               +-------+-------+-------+-------+-------+----------------------

Table legend:
 A = Kills in this place as a percentage of kills in entire the game.
 B = Kills by you in this place as a percentage of kills by you in the entire game.
 C = Kills by friends in this place as a percentage of kills by friends in the entire game.
 D = Other kills in this place as a percentage of other kills in the entire game.
 E = Experience gained in this place as a percentage of experience gained in the entire game.
 F = Experience gained in this place divided by the number of levels of this place that you have seen.
                   A       B       C       D       E      F
               +-------+-------+-------+-------+-------+----------------------
         Total | 100.0 | 100.0 | 100.0 |   N/A | 100.0 | 137.7
       Dungeon |  58.5 |  58.7 |  50.0 |   N/A |  91.2 | 157.0
         Sewer |  41.5 |  41.3 |  50.0 |   N/A |   8.8 | 121.0
               +-------+-------+-------+-------+-------+----------------------

Vault maps used:
D:1:      eino_arrival_water_star
D:2:      overflow_temple_1_default, old_standard_altar,
          nicolae_tso_carved_into_rock
D:4:      corexii_shack_village, cheibrodos_sewer_entry_drain, first_ration,
          minivault_4
D:5:      kb_xom_exploding_sheep, gammafunk_temple_overflow_wave,
          minmay_temple_entry_fiery, uniq_blork_the_orc, uniq_menkaure
D:6:      old_standard_altar, serial_shops, nicolae_shop_waterfront, shop,
          uniq_prince_ribbit1
D:7:      kennysheep_little_box
D:8:      grunt_dithmenos_smoke
Temple:   jpeg_temple_island
Sewer:    sewer_sea
